 Dungeon Crawl Stone Soup version 0.22.1-2-g9c5b331383 (webtiles) character file.

16858 raflemakt the Whirler (level 12, -7/86 HPs)
             Began as a Halfling Hunter on Dec 22, 2018.
             Was an Elder of Nemelex Xobeh.
             Mangled by a tarantella (17 damage)
             ... on level 1 of the Spider Nest.
             The game lasted 01:31:35 (12966 turns).

raflemakt the Whirler (Halfling Hunter)            Turns: 12966, Time: 01:31:36

Health: -7/86      AC:  5    Str: 17    XL:     12   Next: 75%
Magic:  15/15      EV: 18    Int:  9    God:    Nemelex Xobeh [****..]
Gold:   511        SH:  0    Dex: 20    Spells: 11/11 levels left

rFire    + + .     SeeInvis .   a - +3 hunting sling (freeze)
rCold    + + +     Gourm    .   (shield restricted)
rNeg     . . .     Faith    .   u - +2 ring mail {rF+}
rPois    +         Spirit   .   x - +0 helmet "Faecoiz" {rElec rC++ Dex+4}
rElec    +         Reflect  .   J - scarf {rC+ rF+}
rCorr    .         Harm     .   (no gloves)
MR       .....                  r - +2 pair of boots
Stlth    +++.......             t - amulet of regeneration
HPRegen  0.64/turn              w - ring of stealth
MPRegen  0.14/turn              F - ring of poison resistance

@: corroded
A: small, mutation resistance 1
a: Triple Draw, Deal Four, Renounce Religion


You were on level 1 of the Spider Nest.
You worshipped Nemelex Xobeh.
Nemelex Xobeh was greatly pleased with you.
You were very hungry.

You visited 3 branches of the dungeon, and saw 12 of its levels.

You collected 601 gold pieces.
You spent 90 gold pieces at shops.

Inventory:

Hand Weapons
 a - a +3 hunting sling of freezing (weapon)
 v - a +0 blowgun
 A - a +0 short sword of distortion
Missiles
 h - 235 stones (quivered)
 q - 3 tomahawks
Armour
 r - a +2 pair of boots (worn)
 u - a +2 ring mail of fire resistance (worn)
 x - the +0 helmet "Faecoiz" (worn) {rElec rC++ Dex+4}
   (You found it on level 5 of the Dungeon)

   It affects your dexterity (+4).
   It greatly protects you from cold.
   It insulates you from electricity.
 J - a scarf of resistance (worn)
Jewellery
 t - an amulet of regeneration (around neck)
 w - a ring of stealth (left hand)
 F - a ring of poison resistance (right hand)
Wands
 G - a wand of iceblast (8)
 I - a wand of enslavement (9)
Scrolls
 b - 11 scrolls of identify
 c - 3 scrolls of blinking
 e - a scroll of amnesia
 i - 4 scrolls of remove curse
 l - 8 scrolls of teleportation
 m - 6 scrolls of fear
 n - 2 scrolls of immolation
 s - 3 scrolls of fog
 y - a scroll of noise
Potions
 d - 4 potions of lignification
 o - 2 potions of flight
 E - a potion of berserk rage
Miscellaneous
 k - a plain deck of escape
 D - a legendary deck of escape {drawn: 3}
Comestibles
 f - 2 rations


   Skills:
 + Level 9.5 Fighting
 + Level 16.8(17.8) Slings
 + Level 7.6(11.0) Throwing
 + Level 6.5 Armour
 + Level 6.6 Dodging
 + Level 3.4 Stealth
 + Level 4.0 Invocations
 + Level 1.3 Evocations


You had 11 spell levels left.
You didn't know any spells.
Your spell library contained the following spells:

 Spells                   Type           Power        Failure   Level  Hunger
 Confusing Touch          Hex            #.....       56%         1    ##.....
 Magic Dart               Conj           #...         56%         1    ##.....
 Summon Small Mammal      Summ           #...         56%         1    ##.....
 Call Imp                 Summ           #.......     71%         2    ###....
 Corpse Rot               Necr           N/A          71%         2    ###....
 Searing Ray              Conj           #.....       71%         2    ###....
 Call Canine Familiar     Summ           #.......     90%         3    ####...
 Confuse                  Hex            #.......     90%         3    ####...
 Dazzling Spray           Conj/Hex       #.....       90%         3    ####...
 Gell's Gravitas          Tloc           #.........   90%         3    ####...
 Stone Arrow              Conj/Erth      #.....       90%         3    ####...
 Summon Guardian Golem    Hex/Summ       #.......     90%         3    ####...
 Force Lance              Conj/Tloc      #.......     100%        4    #####..
 Fulminant Prism          Conj/Hex       #.........   100%        4    #####..
 Iskenderun's Mystic Bla  Conj           #.......     100%        4    #####..
 Leda's Liquefaction      Hex/Erth       #.........   100%        4    #####..
 Petrify                  Tmut/Erth      #.......     100%        4    #####..
 Summon Ice Beast         Ice/Summ       #.......     100%        4    #####..
 Summon Lightning Spire   Summ/Air       #.......     100%        4    #####..
 Metabolic Englaciation   Hex/Ice        #.........   100%        5    ######.
 Summon Forest            Summ/Tloc      #.........   100%        5    ######.
 Yara's Violent Unravell  Hex/Tmut       #.........   100%        5    ######.
 Hydra Form               Tmut           #.........   100%        6    #######
 Summon Hydra             Summ           #.........   100%        7    #######


Dungeon Overview and Level Annotations

Branches:
Dungeon (8/15)             Temple (0/1) D:7            Lair (3/6) D:8
 Spider (1/4) Lair:3
  Swamp: Lair:2-4    Shoals: Lair:2-4

Altars:
Ashenzari
Cheibriados
Elyvilon
Gozag
Makhleb
Nemelex Xobeh
Qazlal
Sif Muna
Trog
Wu Jian
Yredelemnul
Zin

Shops:
D:5 (   D:7 ?

Annotations:
Lair:1 3 runed doors, imphell's ghost, novice GrEE


Innate Abilities, Weirdness & Mutations

You are small and have problems with some larger weapons.
You are somewhat resistant to further mutation.


Message History

The entropy weaver completely misses you.
The entropy weaver hits you but does no damage. x2
The tarantella closely misses you.
The entropy weaver completely misses you.
The entropy weaver closely misses you. The entropy weaver barely misses you.
The entropy weaver hits you!
* * * LOW HITPOINT WARNING * * *
The tarantella completely misses you.
You clumsily bash the entropy weaver but do no damage.
The entropy weaver is moderately wounded.
The tarantella closely misses you. The entropy weaver misses you.
The entropy weaver barely misses you. x2
The entropy weaver closely misses you. The tarantella completely misses you.
Unknown command.
It was a potion of magic.
Magic courses through your body.
You feel less confused.
The entropy weaver gestures wildly while chanting.
The entropic weave corrodes you! The tarantella bites you!
You die...
Your body glows slightly and disappears.

#..# (..# ######.^#
#####.#.##..#
##........#..#
#........##<.#
####..##....#...# .
#....##...###...#
....#(..@##....###..#
(.(((((sa###........#
(.(...((## ###......#
.....#(## #.......#
####### #########


You could see an entropy weaver and a tarantella.

Vanquished Creatures
  A catoblepas (Lair:3)
  Sonja (Lair:3)
  3 elephants (Lair:3)
  4 torpor snails (Lair:3)
  8 spiny frogs
  A jumping spider (Spider:1)
  A polar bear (Lair:2)
  A hornet (Lair:3)
  3 hippogriffs
  A redback (Spider:1)
  A vampire (D:8)
  Sigmund (D:6)
  11 yaks
  2 basilisks
  A hungry ghost (D:8)
  6 water moccasins
  7 porcupines
  A sky beast (D:6)
  A black bear (D:7)
  An orc warrior (D:5)
  2 ice beasts
  3 phantoms (D:4)
  4 ogres
  3 centaurs
  6 wolves (Lair:2)
  4 crocodiles
  6 bullfrogs
  4 scorpions
  7 howler monkeys
  An electric eel (Lair:1)
  2 crimson imps
  5 hounds
  A jelly (D:8)
  3 orc priests
  5 orc wizards
  Terence (D:2)
  8 worker ants
  Ijyb (D:3)
  3 iguanas
  A killer bee zombie (D:6)
  2 hound skeletons
  7 gnolls
  9 adders
  3 worms
  2 dart slugs
  9 leopard geckos
  25 orcs
  24 giant cockroaches
  2 gnoll zombies (D:5)
  10 goblins
  12 hobgoblins
  19 jackals
  3 quokkas
  A ball python (D:6)
  7 bats
  8 frilled lizards
  6 kobolds
  A quokka zombie (D:4)
  13 rats
289 creatures vanquished.

Vanquished Creatures (collateral kills)
  Fannar (Lair:3)
  2 elephants
  A spiny frog (Lair:2)
  A komodo dragon (Lair:3)
  A hippogriff (D:8)
  Eustachio (D:6)
  A basilisk (Lair:3)
  2 yaks (Lair:3)
  A black bear (D:7)
  A phantom (D:8)
  2 big kobolds (D:7)
  A bullfrog (Lair:3)
  3 wights (D:8)
  A howler monkey (D:7)
  A worker ant (D:8)
  A worker ant zombie (D:7)
  A giant cockroach (D:7)
  2 kobolds (D:7)
  A rat (D:6)
  A butterfly (D:7)
26 creatures vanquished.

Vanquished Creatures (others)
  An elephant (Lair:3)
  3 fungi
  A plant (Lair:1)
5 creatures vanquished.

Grand Total: 320 creatures vanquished

Notes
Turn   | Place    | Note
-------+----------+-------------------------------------------
     0 | D:1      | raflemakt the Halfling Hunter began the quest for the Orb.
     0 | D:1      | Reached XP level 1. HP: 14/14 MP: 1/1
    94 | D:1      | Reached skill level 6 in Slings
   126 | D:1      | Reached XP level 2. HP: 19/19 MP: 2/2
   245 | D:1      | Reached XP level 3. HP: 24/24 MP: 3/3
   887 | D:2      | Reached skill level 7 in Slings
   911 | D:2      | Reached XP level 4. HP: 24/29 MP: 4/4
   922 | D:2      | Reached skill level 1 in Armour
  1519 | D:2      | Noticed Terence
  1531 | D:2      | Reached XP level 5. HP: 33/35 MP: 5/5
  1552 | D:2      | Killed Terence
  1552 | D:2      | Reached skill level 8 in Slings
  2420 | D:3      | Found a shattered altar of Ashenzari.
  2553 | D:3      | Found a sparkling altar of Nemelex Xobeh.
  2571 | D:3      | Became a worshipper of Nemelex Xobeh the Trickster
  2687 | D:3      | Received a gift from Nemelex Xobeh
  2778 | D:3      | Noticed Ijyb
  2810 | D:3      | Killed Ijyb
  2810 | D:3      | Reached XP level 6. HP: 41/41 MP: 6/6
  3083 | D:4      | Reached skill level 9 in Slings
  3265 | D:4      | Noticed an ogre
  3280 | D:4      | Killed an ogre
  3280 | D:4      | Reached skill level 10 in Slings
  3280 | D:4      | Reached XP level 7. HP: 30/46 MP: 7/7
  3345 | D:4      | Reached skill level 1 in Throwing
  3549 | D:4      | Reached XP level 8. HP: 44/54 MP: 8/8
  3824 | D:4      | Reached skill level 11 in Slings
  4097 | D:4      | Reached * piety under Nemelex Xobeh
  4794 | D:5      | Entered Level 5 of the Dungeon
  5134 | D:5      | Got a heavily runed helmet
  5140 | D:5      | Identified the cursed +0 helmet "Faecoiz" {rElec rC++
                  | Dex+4} (You found it on level 5 of the Dungeon)
  5379 | D:5      | Found a glowing silver altar of Zin.
  5558 | D:5      | Received a gift from Nemelex Xobeh
  5590 | D:5      | Found a basalt altar of Yredelemnul.
  5613 | D:5      | Found Jaho's Antique Weapon Shoppe.
  5976 | D:6      | Reached ** piety under Nemelex Xobeh
  6055 | D:6      | Received a gift from Nemelex Xobeh
  6059 | D:6      | Paralysed by a chaos spawn for 5 turns
  6250 | D:6      | Found a white marble altar of Elyvilon.
  6273 | D:6      | Reached skill level 1 in Invocations
  6273 | D:6      | Reached XP level 9. HP: 58/58 MP: 9/9
  6282 | D:6      | Reached skill level 12 in Slings
  6367 | D:6      | Noticed Sigmund
  6393 | D:6      | Killed Sigmund
  6393 | D:6      | Reached skill level 5 in Throwing
  6632 | D:6      | Found a bloodstained altar of Trog.
  6648 | D:6      | Found a stormy altar of Qazlal.
  6662 | D:6      | Found a burning altar of Makhleb.
  6662 | D:6      | Noticed Eustachio
  6696 | D:6      | Killed Eustachio
  6856 | D:6      | Found a deep blue altar of Sif Muna.
  7233 | D:7      | Reached skill level 5 in Fighting
  7236 | D:7      | Noticed a hippogriff
  7245 | D:7      | Killed a hippogriff
  7251 | D:7      | Found a sparkling altar of Nemelex Xobeh.
  7290 | D:7      | Received a gift from Nemelex Xobeh
  7296 | D:7      | Found Ejut Eru Peh's Magic Scroll Shoppe.
  7303 | D:7      | Bought a scroll of enchant weapon for 90 gold pieces
  7368 | D:7      | Reached XP level 10. HP: 53/66 MP: 11/11
  7385 | D:7      | Found a staircase to the Ecumenical Temple.
  7409 | D:7      | Reached skill level 13 in Slings
  7617 | D:7      | Found an opulent altar of Gozag.
  8070 | D:8      | Found an ornate altar of the Wu Jian Council.
  8111 | D:8      | Reached *** piety under Nemelex Xobeh
  8583 | D:8      | Found an opulent altar of Gozag.
  8673 | D:8      | Noticed an elephant
  8674 | D:8      | Found a staircase to the Lair.
  8695 | D:8      | Killed an elephant
  8767 | Lair:1   | Entered Level 1 of the Lair of Beasts
  8825 | Lair:1   | Reached skill level 5 in Armour
  8892 | Lair:1   | Received a gift from Nemelex Xobeh
  8927 | Lair:1   | Found a runed gate.
  8928 | Lair:1   | Found a runed gate.
  8929 | Lair:1   | Found a runed gate.
  8929 | Lair:1   | Noticed a spiny frog
  8937 | Lair:1   | Killed a spiny frog
  8940 | Lair:1   | Noticed a rime drake
  8962 | Lair:1   | Noticed a spiny frog
  8975 | Lair:1   | Killed a spiny frog
  8975 | Lair:1   | Reached XP level 11. HP: 65/74 MP: 11/13
  9089 | Lair:1   | Noticed imphell's ghost (novice GrEE)
  9100 | Lair:1   | Reached skill level 14 in Slings
  9156 | Lair:1   | You fall through a shaft!
  9638 | Lair:2   | Reached skill level 5 in Dodging
  9730 | Lair:2   | Received a gift from Nemelex Xobeh
 10357 | Lair:2   | Reached skill level 15 in Slings
 10468 | Lair:2   | Reached **** piety under Nemelex Xobeh
 10617 | Lair:2   | Received a gift from Nemelex Xobeh
 10932 | Lair:3   | Found a hole to the Spider Nest.
 11233 | Lair:3   | Received a gift from Nemelex Xobeh
 11236 | Lair:3   | Noticed Fannar
 11271 | Lair:3   | Killed Fannar
 11271 | Lair:3   | Reached XP level 12. HP: 50/84 MP: 14/14
 11593 | Lair:3   | Noticed Sonja
 11616 | Lair:3   | Killed Sonja
 11616 | Lair:3   | Reached skill level 16 in Slings
 11616 | Lair:3   | Reached skill level 1 in Evocations
 12111 | Lair:3   | Received a gift from Nemelex Xobeh
 12135 | Lair:3   | Noticed a catoblepas
 12216 | Lair:3   | Killed a catoblepas
 12405 | Lair:3   | Found a snail-covered altar of Cheibriados.
 12920 | Spider:1 | Entered Level 1 of the Spider Nest
 12947 | Spider:1 | Noticed an entropy weaver
 12966 | Spider:1 | Mangled by a tarantella

Skill      XL: |  1  2  3  4  5  6  7  8  9 10 11 12 |
---------------+-------------------------------------+-----
Fighting       | 2 3 4 5 6 8 9 |  9.5
Slings         | 6 7 8 10 11 12 13 15 16 | 16.8
Armour         | 1 2 3 5 6 |  6.5
Throwing       | 1 3 5 7 |  7.6
Dodging        | 3 4 5 6 |  6.6
Invocations    | 1 2 3 4 |  4.0
Stealth        | 2 3 |  3.4
Evocations     | 1 |  1.3

Action                   |  1- 3 |  4- 6 |  7- 9 | 10-12 || total
-------------------------+-------+-------+-------+-------++-------
Melee: Hunting sling     |       |       |       |     3 ||     3
 Fire: Hunting sling     |   101 |   249 |   347 |   727 ||  1424
Throw: Tomahawk          |       |    11 |   132 |    62 ||   205
Invok: Triple Draw       |       |       |       |     1 ||     1
Evoke: Deck              |       |       |    12 |    20 ||    32
       Wand              |       |       |       |     5 ||     5
  Use: Potion            |       |     3 |     6 |     9 ||    18
       Scroll            |       |     8 |     4 |     9 ||    21
  Eat: Chunk             |       |     3 |       |     3 ||     6
       Ration            |       |     1 |     4 |     3 ||     8
Armor: Leather armour    |     3 |       |       |       ||     3
       Chain mail        |     8 |    56 |       |       ||    64
       Skin              |       |     7 |     4 |    47 ||    58
       Ring mail         |       |     2 |    44 |   111 ||   157
       Robe              |       |       |     9 |       ||     9
Dodge: Dodged            |    13 |    56 |   116 |   272 ||   457
